 Dungeon Crawl Stone Soup version 0.20.1-1-g8b1a95d66d (webtiles) character file.

5829 Brujo888 the Cleaver (level 10, -28/84 HPs)
             Began as a Grey Draconian Berserker on Nov 20, 2017.
             Was a High Priest of Trog.
             Killed from afar by an ice dragon (67 damage)
             ... with a blast of cold
             ... on level 9 of the Dungeon.
             The game lasted 00:28:31 (7358 turns).

Brujo888 the Cleaver (Grey Draconian Berserker)     Turns: 7358, Time: 00:28:32

Health: -28/84     AC: 13    Str: 23    XL:     10   Next: 51%
Magic:  3/3        EV: 14    Int:  8    God:    Trog [*****.]
Gold:   381        SH:  0    Dex: 10    Spells: 9/9 levels left

rFire    + . .     SeeInvis .   A - +3 broad axe (antimagic)
rCold    x . .     Gourm    .   (no shield)
rNeg     . . .     Faith    .   (armour unavailable)
rPois    .         Spirit   .   (helmet restricted)
rElec    .         Reflect  .   (no cloak)
rCorr    .         Harm     .   h - +0 pair of gloves
MR       +....                  (no boots)
Stlth    +.........             (no amulet)
Regen    0.3/turn               o - ring of fire
MPRegen  0.1/turn               x - ring of protection from magic

@: no status effects
A: walk through water, unfitting armour, unbreathing, cold-blooded, AC +12
a: Berserk, Trog's Hand, Brothers in Arms, Burn Spellbooks, Renounce Religion


You were on level 9 of the Dungeon.
You worshipped Trog.
Trog was extremely pleased with you.
You were not hungry.

You visited 1 branch of the dungeon, and saw 9 of its levels.
You also visited: Sewer.

You collected 381 gold pieces.

Inventory:

Hand Weapons
 a - a +0 hand axe
 l - a +0 war axe
 y - the +4 Vampire's Tooth {vamp}
   (You found it on level 4 of the Dungeon)

   It inflicts no extra harm, but heals its wielder when it wounds a living foe.
 A - a +3 antimagic broad axe (weapon)
Armour
 h - a +0 pair of gloves (worn)
Jewellery
 k - an uncursed ring of stealth
 o - a ring of fire (left hand)
 t - an uncursed ring of teleportation
 x - a ring of protection from magic (right hand)
Wands
 j - a wand of paralysis (7/24)
 E - a wand of scattershot (1/9)
 F - a wand of confusion (21/48)
Scrolls
 e - 5 scrolls of remove curse
 g - 2 scrolls of fear
 i - 3 scrolls of identify
 m - 2 scrolls of magic mapping
 q - 8 scrolls of teleportation {unknown}
 r - a scroll of blinking {unknown}
 v - 3 scrolls of enchant weapon {unknown}
 w - 2 scrolls of random uselessness {unknown}
 z - 2 scrolls of enchant armour {unknown}
 C - 3 scrolls of amnesia {unknown}
Potions
 c - 3 potions of berserk rage
 d - a potion of haste
 n - 3 potions of agility {unknown}
 p - 2 potions of might
 s - 2 potions of mutation {unknown}
 u - 2 potions of brilliance
 B - 5 potions of curing
Books
 D - a book of Callings

   Spells                             Type                      Level
   a - Summon Small Mammal            Summoning                    1
   b - Call Imp                       Summoning                    2
   c - Call Canine Familiar           Summoning                    3
   d - Summon Guardian Golem          Hexes/Summoning              3
   e - Summon Lightning Spire         Summoning/Air                4
   f - Summon Ice Beast               Ice/Summoning                4
   Trog disapproves of the use of such an item.
Comestibles
 b - 3 bread rations
 f - 6 royal jellies


   Skills:
 - Level 6.7 Fighting
 * Level 13.3 Axes
 * Level 6.3 Dodging
 + Level 0.4 Evocations


You had 9 spell levels left.
You didn't know any spells.

Dungeon Overview and Level Annotations

Branches:
Dungeon (10/15)            Temple (0/1) D:6            Lair (0/6) D:10
    Orc: D:9-12

Altars:
Ashenzari
Dithmenos
Elyvilon
Kikubaaqudgha
Makhleb
Nemelex Xobeh
Ru
Sif Muna
Vehumet


Innate Abilities, Weirdness & Mutations

You can walk through water.
Your dull iron-grey scales are very hard. (AC +12)
You cannot fit into any form of body armour.
You can survive without breathing.
You are cold-blooded and may be slowed by cold attacks.


Message History

The orc wizard hits you but does no damage.
You slice the orc wizard!!
You kill the orc wizard!
Trog accepts your kill.
Trog appreciates your killing of a magic user.
Items here: )) [ †† a dagger; a robe; a giant spiked club; an orc corpse; an ogre corpse An ice dragon comes into view.
The ice dragon roars deafeningly!
Found a papyrus book.
You slash the ice dragon!
The ice dragon is lightly wounded.
The ice dragon bites you but does no damage.
The ice dragon claws you. The ice dragon tramples you!
You hold your ground!
You slash the ice dragon!
Your tail-slap misses the ice dragon.
The ice dragon is moderately wounded.
The ice dragon breathes frost at you. The blast of cold hits you!
You feel a terrible chill!
Ouch! That really hurt!
You die...

#........##
#........#########
#.####)..........#
# #.####.####....
#.# #.## ### # #.#
#..# #.# #.#
##.###.# #.#
#.#.#.# #.#
#.#)#@# #.#
##.#.#D# ###.#.#
#.#.# ###.# :# ##
#


You could see an ice dragon.

Vanquished Creatures
  Joseph (D:7)
  A troll (D:10)
  2 hippogriffs (D:7)
  Sigmund (D:4)
  A yak (D:9)
  A hungry ghost (D:10)
  A water moccasin (D:7)
  2 black bears (D:6)
  A sky beast (D:7)
  An ice beast (D:7)
  An orc warrior (D:10)
  3 phantoms
  A necrophage (D:10)
  6 ogres
  The ghost of Gersthal the Skirmisher, an amateur DsMo (D:3)
  A centaur (D:7)
  3 big kobolds (Sewer)
  The ghost of Timinator the Sneak, an amateur VSAs (D:5)
  A gnoll sergeant (D:6)
  6 bullfrogs
  A scorpion (D:5)
  2 jellies
  4 killer bees (D:10)
  5 wights (D:7)
  2 vampire bats (D:4)
  A centaur zombie (D:7)
  3 hounds
  3 centaur skeletons
  2 orc priests
  A gnoll shaman (D:6)
  2 bullfrog skeletons
  6 worker ants
  Natasha (thrice) (D:3)
  3 iguanas
  7 orc wizards
  A howler monkey zombie (D:4)
  A worker ant zombie (D:5)
  8 gnolls
  9 adders
  5 river rats (Sewer)
  An ooze (D:1)
  2 adder skeletons
  4 worms
  2 dart slugs
  2 leopard geckos
  16 orcs
  8 ball pythons
  7 giant cockroaches
  6 hobgoblins
  A jackal (D:2)
  3 quokkas
  13 bats
  3 frilled lizards (D:1)
  5 goblins
  A jackal skeleton (D:4)
  20 kobolds
  A leopard gecko zombie (D:5)
  A quokka skeleton (D:7)
  25 rats
226 creatures vanquished.

Vanquished Creatures (collateral kills)
  2 yaks (D:9)
  2 orc warriors (D:7)
  2 orc wizards (D:7)
  5 orcs (D:7)
11 creatures vanquished.

Vanquished Creatures (others)
  An orc wizard (D:7)
  A fungus (D:6)
  2 plants (D:6)
  4 toadstools (D:1)
8 creatures vanquished.

Grand Total: 245 creatures vanquished

Notes
Turn   | Place    | Note
-------+----------+-------------------------------------------
     0 | D:1      | Brujo888 the Draconian Berserker began the quest for the Orb.
     0 | D:1      | Reached XP level 1. HP: 19/19 MP: 1/1
   100 | D:1      | Reached XP level 2. HP: 26/26 MP: 2/2
   780 | D:1      | Reached XP level 3. HP: 28/33 MP: 3/3
   971 | D:2      | Reached ** piety under Trog
  1094 | D:2      | Reached skill level 4 in Axes
  1660 | D:3      | Noticed Natasha
  1669 | D:3      | Killed Natasha
  1669 | D:3      | Reached XP level 4. HP: 35/41 MP: 4/4
  1725 | D:3      | Noticed Gersthal's ghost (amateur DsMo)
  1733 | D:3      | Killed Gersthal's ghost
  1733 | D:3      | Reached skill level 5 in Axes
  1733 | D:3      | Reached XP level 5. HP: 47/47 MP: 5/5
  1772 | D:3      | Noticed Natasha
  2163 | D:3      | Killed Natasha
  2236 | D:3      | Noticed Natasha
  2292 | D:3      | Killed Natasha
  2433 | D:4      | Found a sparkling altar of Nemelex Xobeh.
  2435 | D:4      | Reached XP level 6. HP: 50/55 MP: 6/6
  2529 | D:4      | Found a shattered altar of Ashenzari.
  2529 | D:4      | Found a white marble altar of Elyvilon.
  2545 | D:4      | Found a burning altar of Makhleb.
  2591 | D:4      | Noticed Sigmund
  2604 | D:4      | Killed Sigmund
  2604 | D:4      | Reached skill level 5 in Fighting
  2604 | D:4      | Reached skill level 6 in Axes
  2739 | D:4      | Reached *** piety under Trog
  2816 | D:4      | Your scales start taking on a dull iron-grey colour.
  2816 | D:4      | Reached XP level 7. HP: 56/61 MP: 7/7
  2816 | D:4      | Gained mutation: You can survive without breathing. [Grey Draconian growth]
  2818 | D:4      | Reached skill level 7 in Axes
  3076 | D:5      | Entered Level 5 of the Dungeon
  3384 | D:5      | Found a shadowy altar of Dithmenos.
  3397 | D:5      | Noticed Timinator's ghost (amateur VSAs)
  3404 | D:5      | Killed Timinator's ghost
  3404 | D:5      | Reached skill level 8 in Axes
  3804 | D:5      | Found an ancient bone altar of Kikubaaqudgha.
  3804 | D:5      | Found a deep blue altar of Sif Muna.
  3806 | D:5      | Found a radiant altar of Vehumet.
  3808 | D:5      | Identified Kikubaaqudgha's Handbook of Evil
  4123 | D:6      | Found a glowing drain.
  4135 | Sewer    | Entered a sewer
  4277 | Sewer    | Reached **** piety under Trog
  4321 | Sewer    | Reached XP level 8. HP: 58/71 MP: 8/8
  4386 | Sewer    | Received a gift from Trog
  4500 | Sewer    | Reached skill level 9 in Axes
  4675 | D:6      | Found a staircase to the Ecumenical Temple.
  4950 | D:6      | Found a sacrificial altar of Ru.
  4983 | D:6      | Found a burning altar of Makhleb.
  4990 | D:6      | Reached skill level 10 in Axes
  5015 | D:6      | Reached ***** piety under Trog
  5167 | D:6      | Reached XP level 9. HP: 52/78 MP: 9/9
  5584 | D:7      | Reached skill level 11 in Axes
  5941 | D:7      | Noticed Joseph
  5955 | D:7      | Killed Joseph
  5955 | D:7      | Reached skill level 5 in Dodging
  6007 | D:7      | Reached skill level 12 in Axes
  6012 | D:7      | Found a sparkling altar of Nemelex Xobeh.
  6119 | D:7      | Reached XP level 10. HP: 73/84 MP: 10/10
  6194 | D:7      | You fall through a shaft for 3 floors!
  6194 | D:10     | Entered Level 10 of the Dungeon
  6333 | D:10     | Found a staircase to the Lair.
  6705 | D:10     | Received a gift from Trog
  7057 | D:10     | Reached skill level 13 in Axes
  7356 | D:9      | Noticed an ice dragon
  7358 | D:9      | Killed from afar by an ice dragon

Skill      XL: |  1  2  3  4  5  6  7  8  9 10 |
---------------+-------------------------------+-----
Fighting       | 4 5 6 |  6.7
Axes           | 4 5 6 8 10 12 13 | 13.3
Dodging        | 3 5 6 |  6.3
Evocations     | |  0.4

Action                   |  1- 3 |  4- 6 |  7- 9 | 10-12 || total
-------------------------+-------+-------+-------+-------++-------
Melee: Hand axe          |   111 |    23 |       |       ||   134
       Tailslap          |    10 |     7 |    44 |    14 ||    75
       War axe           |       |    75 |   356 |    58 ||   489
       Broad axe         |       |       |       |    76 ||    76
Invok: Berserk           |       |     4 |     4 |     1 ||     9
       Burn Spellbooks   |       |     1 |       |     1 ||     2
       Brothers in Arms  |       |       |     1 |     2 ||     3
Evoke: Wand              |       |       |     2 |       ||     2
  Use: Scroll            |     2 |     5 |     2 |       ||     9
       Potion            |       |     3 |     2 |     1 ||     6
 Stab: Sleeping          |     8 |     2 |     4 |       ||    14
  Eat: Chunk             |     2 |     4 |     2 |     1 ||     9
       Bread ration      |       |     1 |     1 |     1 ||     3
       Meat ration       |       |       |     2 |       ||     2
Armor: Skin              |    42 |    55 |   161 |    31 ||   289
Dodge: Dodged            |    80 |    78 |   278 |    97 ||   533
